AoeStats
← jyri.hyppanen

Oasis

509116236Analyzed
4v4 RM · 7d ago on Sep 25, 2026· 56m 20s· 8 players
Game mode
Random Map
Map size
Large (8 player)
Population
200
Speed
Normal
Resources
Standard
Victory
Conquest
Starting age
Dark Age
Ending age
Imperial Age
RankedLock teamsTeams togetherTeam positionsShared explorationLock speedFull tech treeHidden civsTurbo modeCheats
Victory
Defeat
🇨🇳 Gurjaras · China
735
+13
🇨🇳 Turks · China
728
+13
🇨🇳 Mongols · China
698
+14
🇮🇩 Romans · Indonesia
655
+16
🇹🇷 Portuguese · Türkiye
676
-15
🇫🇮 Celts · Finland
668
-14
🇧🇬 Sicilians · Bulgaria
666
-14
🇬🇧 Britons · United Kingdom
643
-13
superkiller
8:50 Loom
11:15 Feudal Age
19:08 Double-Bit Axe
19:10 Horse Collar
37:19 Castle Age
48:35 Bow Saw
54:56 Heavy Plow
55:01 Elite Skirmisher
槑槑
12:44 Feudal Age
17:00 Castle Age
15:00 Double-Bit Axe
15:59 Horse Collar
17:19 Wheelbarrow
18:29 Bow Saw
18:54 Heavy Plow
23:53 Gold Mining
28:45 Imperial Age
30:02 Hand Cart
31:10 Gold Shaft Mining
32:12 Padded Archer Armor
32:42 Artillery
33:51 Elite Janissary
38:52 Two-Man Saw
38:14 Leather Archer Armor
38:18 Loom
38:29 Stone Mining
40:01 Ring Archer Armor
ksffvbh
0:29 Loom
15:58 Feudal Age
16:21 Horse Collar
18:29 Wheelbarrow
26:30 Castle Age
28:25 Heavy Plow
28:23 Gold Mining
28:25 Stone Mining
29:00 Hand Cart
30:01 Double-Bit Axe
32:15 Bow Saw
32:49 Husbandry
32:59 Bloodlines
32:55 Caravan
36:57 Imperial Age
34:41 Forging
34:36 Scale Barding Armor
35:04 Town Watch
35:56 Kshatriyas
37:15 Stone Shaft Mining
38:38 Iron Casting
38:23 Chain Barding Armor
38:32 Conscription
38:56 Crop Rotation
39:28 Elite Shrivamsha Rider
46:09 Ballistics
46:49 Chemistry
45:30 Treadmill Crane
46:38 Elite Chakram Thrower
47:55 Hoardings
46:52 Sappers
47:36 Masonry
46:53 Heavy Camel Rider
48:14 Plate Barding Armor
47:30 Fletching
47:40 Padded Archer Armor
47:41 Scale Mail Armor
53:05 Spies/Treason
acilr
13:35 Feudal Age
14:20 Double-Bit Axe
21:10 Castle Age
19:47 Wheelbarrow
19:15 Horse Collar
20:32 Stone Mining
20:38 Gold Mining
21:57 Heavy Plow
22:18 Bow Saw
25:57 Hand Cart
27:25 Caravan
28:17 Gold Shaft Mining
35:07 Imperial Age
32:23 Loom
32:25 Town Watch
33:07 Ballistics
33:12 Padded Archer Armor
33:03 Fletching
33:24 Forging
34:19 Ballistas
36:37 Comitatenses
35:55 Heavy Scorpion
37:47 Chemistry
37:23 Leather Archer Armor
37:05 Bodkin Arrow
37:45 Iron Casting
38:23 Conscription
37:34 Sappers
39:01 Siege Engineers
43:29 Elite Centurion
46:09 Ring Archer Armor
45:40 Scale Mail Armor
46:41 Blast Furnace
47:08 Crop Rotation
48:48 Coinage
48:29 Guilds
48:35 Masonry
48:21 Murder Holes
48:37 Fortified Wall
48:34 Town Patrol
52:17 Scale Barding Armor
52:28 Chain Mail Armor
55:26 Spies/Treason
yomamacry
3:48 Loom
11:58 Feudal Age
14:13 Wheelbarrow
13:20 Horse Collar
13:28 Double-Bit Axe
24:52 Castle Age
24:20 Forging
24:11 Scale Mail Armor
25:37 Town Watch
26:08 Hand Cart
26:12 Fletching
27:45 Town Watch
31:21 Murder Holes
31:56 Bodkin Arrow
32:54 Bow Saw
39:39 Imperial Age
38:16 Masonry
38:27 Ballistics
39:52 Cavalier
41:57 Hoardings
42:34 Husbandry
48:56 First Crusade
NebulaTR
1:07 Loom
15:49 Feudal Age
16:32 Horse Collar
17:30 Wheelbarrow
16:52 Double-Bit Axe
22:04 Gold Mining
22:09 Stone Mining
29:02 Castle Age
28:18 Bloodlines
29:28 Fletching
30:17 Scale Mail Armor
31:58 Bow Saw
32:12 Hand Cart
jyri.hyppanen
16:15 Feudal Age
18:05 Wheelbarrow
17:12 Horse Collar
17:25 Double-Bit Axe
18:58 Stone Mining
19:09 Gold Mining
25:01 Castle Age
24:15 Forging
24:06 Scale Mail Armor
26:07 Hand Cart
25:56 Heavy Plow
26:14 Bow Saw
26:45 Gold Shaft Mining
26:26 Loom
27:53 Iron Casting
27:34 Chain Mail Armor
27:10 Fletching
32:59 Imperial Age
32:10 Bodkin Arrow
TheLazyFalcon
Connection lost

Rejoining the realm…

Still unreachable

The connection could not be restored.

Session expired

The server has moved on; the page needs a fresh start.